Map: World of Sleepers LE

Players

JinairRogue (Rogue)

  • Race: Zerg Zerg
  • Spawn Location: 7:00

INnoVation - Winner!

  • Race: Terran Terran
  • League: Grandmaster
  • Spawn Location: 1:00

VOD

Have the link to the VOD?

Description

Time

  • Played on: Jan. 16, 2020, 6:21 a.m.
  • Length: 24:54
Show
View Real Time Build Order
Export as new Build Order

JinairRogue Zerg 

Build Orders: Hatch First 

Get SALT Encoding   

  12  0:00  Drone  
  13  0:12  Overlord  
  13  0:16  Drone  
  14  0:31  Drone x2  
  16  0:48  Hatchery  
  15  0:51  Drone  
  15  0:54  Drone  
  17  0:58  Drone  
  18  1:09  Extractor  
  17  1:14  Spawning Pool  
  17  1:17  Drone  
  17  1:20  Drone  
  18  1:28  Drone  
  19  1:38  Drone  
  20  1:49  Overlord  
  20  2:01  Zergling x2, Queen x2  
  22  2:02  Zergling x2  
  26  2:11  Drone  
  26  2:12  Drone  
  29  2:22  Drone  
  29  2:23  Drone  
  30  2:31  Hatchery  
  29  2:39  Drone x2  
  29  2:44  Metabolic Boost  
  31  2:47  Drone  
  31  2:50  Queen  
  34  2:55  Overlord  
  34  2:59  Drone x2  
  36  3:13  Drone x5  
  41  3:21  Overlord  
  41  3:23  Drone  
  42  3:30  Queen  
  44  3:40  Zergling x4  
  46  3:41  Drone  
  46  3:42  Drone x4  
  46  3:43  Queen  
  46  3:45  Overlord  
  53  3:52  Drone  
  53  3:53  Drone  
  53  3:54  Drone  
  56  3:58  Baneling Nest, Overlord  
  56  4:00  Zergling x4  
  56  4:02  Drone  
  58  4:06  Drone x2  
  58  4:09  Queen  
  62  4:13  Overlord  
  62  4:15  Drone x2  
  62  4:16  Evolution Chamber  
  64  4:18  Evolution Chamber  
  64  4:20  Drone x2  
  65  4:27  Overlord  
  65  4:30  Drone  
  66  4:31  Queen  
  66  4:34  Overlord  
  66  4:35  Drone x3  
  66  4:37  Drone  
  66  4:38  Drone  
  73  4:39  Drone  
  73  4:44  Zerg Ground Armor Level 1  
  74  4:48  Drone  
  74  4:49  Drone x4  
  74  4:50  Drone  
  80  4:53  Extractor x3  
  77  5:00  Zergling x2, Drone  
  77  5:01  Zergling x6  
  77  5:03  Zerg Melee Weapons Level 1  
  77  5:04  Drone  
  77  5:05  Drone  
  77  5:06  Drone  
  82  5:08  Drone  
  82  5:09  Drone  
  79  5:17  Hatchery  
  79  5:20  Drone  
  74  5:25  Drone x6  
  79  5:30  Drone  
  80  5:36  Drone x2  
  80  5:38  Lair  
  82  5:43  Overlord  
  82  5:44  Hatchery  
  82  5:45  Drone  
  80  5:50  Extractor  
  80  5:51  Roach Warren  
  80  5:54  Zergling x4  
  80  5:55  Extractor  
  78  6:02  Drone x4  
  78  6:03  Zergling x14  
  89  6:05  Zergling x2  
  89  6:09  Spore Crawler  
  89  6:11  Spore Crawler x2  
  87  6:18  Overlord  
  87  6:24  Zergling x8  
  91  6:27  Zergling x2  
  91  6:30  Queen  
  91  6:31  Overlord x2  
  94  6:33  Zergling x10  
  94  6:36  Zergling x2  
  100  6:42  Drone  
  100  6:43  Spire, Drone x2  
  100  6:46  Zergling x2  
  104  6:47  Zergling x2, Overlord  
  104  6:51  Zergling x6  
  107  7:00  Zergling x12  
  110  7:04  Drone x2  
  110  7:06  Drone  
  110  7:07  Drone  
  110  7:08  Glial Reconstitution  
  108  7:10  Drone  
  109  7:16  Drone x6  
  109  7:19  Drone  
  109  7:22  Zerg Missile Weapons Level 1, Zerg Ground Armor Level 2  
  114  7:34  Drone  
  115  7:37  Drone x2  
  115  7:38  Extractor  
  113  7:57  Corruptor x6  
  113  7:58  Corruptor x3  
  131  8:00  Hatchery  
  131  8:01  Drone x3  
  131  8:02  Drone  
  134  8:06  Zerg Flyer Weapons Level 1  
  134  8:09  Roach x4  
  139  8:20  Overlord x2  
  139  8:22  Drone x2  
  139  8:23  Overlord x2  
  139  8:25  Overseer  
  139  8:26  Pneumatized Carapace  
  141  8:30  Overlord  
  141  8:41  Drone  
  141  8:42  Drone x6, Evolution Chamber  
  141  8:44  Hatchery  
  141  8:45  Ravager x4  
  141  8:46  Roach  
  141  8:47  Roach x6  
  164  8:52  Baneling Nest  
  163  8:58  Corruptor x4  
  171  9:03  Overlord  
  171  9:04  Overlord  
  171  9:05  Drone x3  
  171  9:09  Extractor  
  173  9:14  Overlord x2  
  173  9:24  Drone x3  
  176  9:25  Spine Crawler, Drone  
  176  9:26  Spine Crawler x2  
  176  9:29  Spine Crawler, Drone  
  176  9:30  Drone x2  
  176  9:31  Spine Crawler, Roach x4  
  183  9:32  Overlord  
  183  9:33  Spine Crawler  
  183  9:38  Centrifical Hooks  
  181  9:41  Zerg Missile Weapons Level 2  
  181  9:42  Zerg Melee Weapons Level 2  
  181  9:43  Infestation Pit  
  181  9:45  Overseer  
  180  9:52  Ravager x8  
  188  9:54  Zergling x2  
  188  9:55  Zergling x20  
  199  10:03  Zerg Flyer Weapons Level 2  
  199  10:05  Hatchery  
  198  10:08  Overseer  
  198  10:16  Burrow  
  198  10:17  Drone  
  195  10:33  Hatchery  
  192  10:35  Hive  
  192  10:36  Zergling x4  
  192  10:37  Zergling x12  
  188  10:51  Hatchery  
  188  10:52  Ravager x2  
  188  10:55  Zergling x32  
  198  11:03  Overseer  
  192  11:07  Zergling x16  
  200  11:18  Baneling  
  200  11:19  Baneling x25  
  200  11:20  Baneling x6  
  193  11:29  Baneling x9  
  193  11:30  Baneling x7  
  193  11:31  Drone  
  193  11:32  Drone x5  
  198  11:45  Zergling x4  
  198  12:02  Adrenal Glands  
  198  12:03  Zerg Ground Armor Level 3, Zerg Missile Weapons Level 3, Zerg Melee Weapons Level 3  
  198  12:04  Zergling x2  
  198  12:08  Extractor  
  198  12:16  Queen  
  192  12:23  Queen x2  
  192  12:27  Zergling x2  
  192  12:28  Zergling x4  
  199  12:40  Zerg Flyer Weapons Level 3  
  199  12:41  Spine Crawler x2  
  199  12:43  Spine Crawler  
  190  12:59  Zergling x12  
  190  13:00  Zergling x8  
  200  13:20  Spine Crawler  
  200  13:26  Baneling x3  
  200  13:27  Baneling x15  
  199  13:28  Pathogen Glands  
  199  13:33  Hatchery  
  198  13:42  Spine Crawler  
  198  13:43  Spine Crawler x2  
  198  13:44  Zergling x10  
  196  14:09  Zergling x2  
  177  14:10  Zergling x46  
  177  14:15  Baneling x8  
  199  14:25  Neural Parasite  
  199  14:49  Overlord x2  
  199  14:52  Baneling x8  
  197  14:53  Baneling x2  
  197  14:59  Overlord  
  197  15:08  Corruptor  
  199  15:18  Greater Spire  
  199  15:23  Extractor  
  199  15:28  Zergling x2  
  165  15:44  Zergling x4  
  165  15:45  Zergling x62  
  165  15:46  Zergling x6  
  165  15:49  Baneling x11  
  199  15:50  Baneling  
  199  15:51  Overseer  
  199  15:58  Nydus Network  
  199  16:01  Drone x2  
  200  16:07  Overseer x4  
  200  16:11  Baneling  
  200  16:12  Baneling x14  
  198  16:19  Baneling x10  
  198  16:20  Baneling x11, Overlord  
  166  16:41  Brood Lord x8  
  166  16:42  Brood Lord x4, Zergling x2  
  166  16:43  Zergling x18  
  200  16:48  Zerg Flyer Armor Level 1  
  200  16:56  Hatchery  
  199  17:02  Zergling x2  
  199  17:04  Ultralisk Cavern  
  199  17:06  Zergling x4, Extractor  
  199  17:08  Nydus Canal  
  200  17:11  Overseer  
  200  17:16  Baneling x5  
  200  17:23  Nydus Canal  
  200  17:33  Zergling x2  
  185  17:38  Zergling x16  
  185  17:39  Zergling x28  
  186  17:45  Corruptor x7  
  200  17:54  Chitinous Plating  
  200  18:11  Baneling  
  200  18:12  Baneling x16  
  200  18:28  Zergling x2  
  200  18:29  Zergling x6  
  200  18:32  Zergling x4, Overlord  
  197  18:35  Zergling x2  
  180  18:46  Overlord  
  158  18:52  Zergling x8, Ultralisk x6  
  158  18:53  Zergling x14  
  177  18:57  Overlord  
  177  18:59  Ultralisk  
  177  19:00  Ultralisk x3, Overlord x2  
  177  19:01  Zergling x22  
  184  19:05  Zergling x2  
  184  19:06  Zergling x2  
  184  19:07  Spine Crawler  
  185  19:11  Zergling x4  
  185  19:12  Zergling x10, Nydus Canal  
  185  19:13  Anabolic Synthesis  
  191  19:18  Zergling x2, Spine Crawler  
  191  19:20  Zergling x2  
  192  19:24  Zergling x4  
  192  19:28  Drone x6  
  200  19:34  Baneling x19  
  200  19:35  Baneling x11  
  200  19:36  Baneling  
  199  19:43  Spine Crawler x2  
  199  19:44  Spine Crawler  
  196  19:50  Zergling x2  
  196  19:51  Zergling x2  
  196  19:52  Zergling x6  
  198  19:57  Spine Crawler  
  198  19:59  Zergling x2  
  185  20:00  Zergling x30  
  185  20:07  Zergling x24  
  185  20:09  Baneling x6  
  185  20:10  Baneling x2  
  196  20:15  Zergling x8  
  196  20:20  Zergling x2  
  194  20:23  Zergling x2  
  184  20:28  Zergling x2  
  184  20:29  Zergling x16  
  184  20:31  Zergling x2, Overlord  
  175  20:43  Infestor x8  
  175  20:47  Overlord  
  190  20:53  Infestor x5  
  199  21:04  Zergling x2  
  193  21:14  Zergling x28  
  193  21:16  Extractor  
  193  21:17  Zergling x2  
  199  21:24  Baneling x9  
  199  21:25  Baneling x2  
  198  21:38  Zergling x8  
  199  21:43  Zergling x2  
  189  21:52  Corruptor x7  
  189  21:54  Zergling x14  
  188  22:00  Spore Crawler, Overlord  
  188  22:01  Extractor  
  189  22:02  Spore Crawler x3  
  189  22:04  Corruptor  
  189  22:05  Zergling x10  
  193  22:13  Overlord  
  164  22:30  Zergling x30  
  164  22:31  Drone x6  
  164  22:32  Drone x3  
  164  22:33  Drone  
  164  22:34  Drone x4  
  190  22:40  Drone x2  
  190  22:43  Drone x6  
  197  22:46  Zergling x6  
  199  22:55  Overseer  
  199  23:01  Zergling x2  
  198  23:13  Zergling x2  
  184  23:24  Zergling x20  
  116  23:45  Zergling x8, Ultralisk x5  
  116  23:46  Zergling x32  
  166  23:51  Baneling x7  
  166  23:54  Zergling x4  
  168  23:56  Zergling x6  
  155  24:16  Baneling x3  
  146  24:17  Zergling x2  
  146  24:18  Zergling x18  
Show
View Real Time Build Order
Export as new Build Order

INnoVation Terran - Winner!

Build Orders: Reaper Expand, Mech 

Get SALT Encoding   

  12  0:00  SCV  
  13  0:12  SCV  
  14  0:17  Supply Depot  
  14  0:24  SCV  
  15  0:38  SCV  
  15  0:40  Barracks  
  16  0:43  Refinery  
  16  0:50  SCV  
  17  1:02  SCV  
  18  1:15  SCV  
  19  1:27  Reaper, Orbital Command  
  20  1:41  Command Center  
  20  1:51  Supply Depot  
  20  1:52  SCV  
  21  1:59  Marine  
  22  2:04  SCV  
  23  2:15  Factory  
  23  2:16  SCV  
  23  2:21  Barracks Reactor  
  24  2:28  SCV  
  25  2:39  Command Center  
  25  2:41  SCV  
  26  2:52  Orbital Command  
  26  2:54  SCV  
  27  2:59  Refinery  
  27  3:01  Starport  
  27  3:06  SCV  
  27  3:10  Hellion  
  30  3:14  Hellion  
  32  3:20  SCV x2  
  34  3:32  SCV x2  
  36  3:36  Hellion x2  
  36  3:38  Viking  
  42  3:45  SCV x2  
  44  3:52  Orbital Command  
  44  3:53  Fusion Core  
  44  3:58  SCV, Refinery  
  44  3:59  SCV  
  46  4:03  Refinery  
  46  4:08  Starport Tech Lab  
  46  4:12  SCV x2  
  48  4:18  Hellion  
  48  4:19  Hellion  
  48  4:20  Supply Depot  
  48  4:24  SCV x2  
  54  4:36  SCV x2  
  54  4:38  Orbital Command  
  56  4:42  Supply Depot  
  56  4:43  Battlecruiser  
  61  4:48  SCV x2  
  63  4:58  Factory, Hellion  
  63  4:59  Hellion  
  67  5:02  SCV x2  
  67  5:06  Factory  
  67  5:10  SCV  
  67  5:14  SCV x2  
  64  5:22  SCV  
  64  5:24  Hellion x2  
  64  5:26  SCV x2, Refinery, Weapon Refit  
  67  5:34  SCV  
  68  5:38  SCV x2  
  68  5:39  Refinery  
  70  5:47  Battlecruiser  
  70  5:48  Factory Tech Lab  
  76  5:52  Supply Depot  
  76  5:53  Factory Tech Lab  
  76  5:54  SCV, Supply Depot x2  
  77  6:00  Supply Depot  
  77  6:11  Armory  
  77  6:13  SCV, Armory, Siege Tank  
  77  6:14  Hellion x2  
  77  6:16  SCV  
  77  6:18  Siege Tank  
  89  6:19  Supply Depot  
  89  6:20  SCV  
  89  6:24  Supply Depot  
  90  6:25  SCV  
  90  6:28  SCV, Infernal Pre-Igniter  
  92  6:33  SCV  
  92  6:38  SCV, Hellion  
  92  6:39  Hellion  
  98  6:40  SCV  
  98  6:42  Supply Depot  
  99  6:50  SCV  
  99  6:51  SCV, Battlecruiser  
  99  6:52  SCV  
  107  7:01  Hellion  
  107  7:02  Hellion, Siege Tank  
  108  7:10  Terran Vehicle And Ship Armor Level 1, Terran Vehicle Weapons Level 1  
  108  7:11  SCV x2  
  108  7:12  Siege Tank  
  113  7:24  SCV x3  
  113  7:28  Engineering Bay  
  116  7:31  Factory  
  116  7:32  Factory  
  116  7:35  Barracks Reactor  
  116  7:36  SCV x3  
  119  7:41  Supply Depot  
  119  7:47  Siege Tank  
  119  7:48  SCV  
  119  7:49  Siege Tank  
  126  7:59  Command Center  
  126  8:04  Supply Depot  
  126  8:06  Hellion x2  
  126  8:07  Starport Reactor  
  124  8:20  Thor  
  124  8:22  Factory Tech Lab  
  124  8:26  Missile Turret x2  
  130  8:27  Missile Turret  
  130  8:29  Missile Turret  
  130  8:34  Missile Turret  
  130  8:35  Thor  
  130  8:40  Supply Depot  
  136  8:42  Thor  
  136  8:48  SCV x3  
  145  8:59  Supply Depot  
  145  9:00  SCV x3  
  148  9:03  Supply Depot  
  148  9:11  Terran Vehicle Weapons Level 2, Terran Vehicle And Ship Armor Level 2  
  148  9:12  Refinery  
  148  9:17  Siege Tank  
  148  9:18  Siege Tank  
  148  9:21  SCV x3  
  148  9:23  Command Center  
  156  9:25  Sensor Tower  
  156  9:28  Planetary Fortress  
  156  9:33  Missile Turret  
  156  9:35  Missile Turret  
  156  9:36  SCV  
  156  9:37  SCV x2  
  159  9:45  Missile Turret  
  159  9:47  Missile Turret  
  159  9:48  Supply Depot  
  159  9:59  Siege Tank  
  165  10:00  Siege Tank x2  
  165  10:02  Hellion x3  
  174  10:12  Supply Depot  
  174  10:16  Missile Turret  
  174  10:18  Missile Turret  
  174  10:19  Missile Turret, Smart Servos  
  174  10:21  Refinery  
  174  10:22  Refinery  
  174  10:26  Factory  
  174  10:27  Factory  
  174  10:28  Factory  
  174  10:31  Thor  
  178  10:39  Siege Tank x2  
  180  10:50  SCV x3  
  180  10:55  Planetary Fortress  
  181  10:57  Refinery  
  181  10:59  Refinery  
  181  11:02  SCV x2  
  181  11:03  SCV  
  184  11:05  SCV  
  184  11:07  Missile Turret  
  184  11:11  Factory Tech Lab, Siege Tank  
  188  11:14  SCV x2, Factory Reactor, Missile Turret  
  188  11:15  Missile Turret x2  
  188  11:16  Factory Reactor  
  188  11:17  Factory Reactor  
  188  11:18  Factory Tech Lab  
  190  11:21  Thor  
  196  11:31  Command Center  
  196  11:32  Command Center  
  196  11:33  Terran Vehicle Weapons Level 3, Terran Vehicle And Ship Armor Level 3  
  196  11:53  Barracks  
  196  11:57  Siege Tank  
  196  11:58  Siege Tank x2  
  196  11:59  Siege Tank  
  200  12:11  Command Center  
  200  12:37  Command Center  
  200  12:38  Command Center  
  182  12:59  Siege Tank x3  
  182  13:00  Siege Tank x2  
  197  13:06  Starport x2  
  197  13:13  Orbital Command  
  197  13:26  Missile Turret  
  197  13:28  Sensor Tower  
  197  13:29  Hellion  
  199  13:49  Missile Turret, Orbital Command  
  199  13:50  Orbital Command  
  184  14:10  Thor x2, Terran Ship Weapons Level 1  
  196  14:18  Missile Turret  
  196  14:26  Hellion x2  
  196  14:27  Refinery  
  196  14:28  Sensor Tower, Starport Reactor x2, Missile Turret, Advanced Ballistics  
  196  14:29  Refinery  
  200  14:41  Command Center x2  
  200  14:45  Thor  
  194  14:52  Planetary Fortress  
  200  14:55  Neosteel Armor  
  200  15:05  Planetary Fortress  
  200  15:11  Missile Turret x2  
  200  15:21  Hellion  
  200  15:41  Siege Tank x3  
  199  15:42  Hellion  
  199  16:00  Missile Turret  
  197  16:11  Missile Turret  
  197  16:13  Missile Turret  
  199  16:18  Hellion  
  193  16:28  Orbital Command x2  
  193  16:32  Thor  
  196  16:33  Siege Tank  
  196  16:35  Hi-Sec Auto Tracking  
  175  16:40  Siege Tank x3  
  175  16:41  Hellion x3  
  175  16:42  Hellion  
  192  17:04  Thor  
  192  17:05  Hellion  
  200  17:10  Sensor Tower  
  200  17:11  Missile Turret, Refinery  
  196  17:33  Viking x2  
  196  17:34  Viking  
  196  17:36  Thor, Viking x3  
  196  17:37  Thor x2  
  189  17:39  Thor  
  189  17:42  Hellion  
  189  17:43  Hellion x3  
  181  17:45  Hellion x2  
  174  17:52  Thor  
  172  18:01  Command Center  
  172  18:03  Terran Ship Weapons Level 2  
  172  18:04  Viking x3  
  178  18:06  Viking x3  
  184  18:19  Thor x3  
  187  18:22  Thor  
  196  18:36  Viking  
  196  18:37  Viking x2  
  196  18:40  Viking  
  196  18:41  Thor  
  164  18:55  Hellion x2  
  164  18:56  Hellion x4  
  164  18:58  Orbital Command  
  164  19:02  Thor x3  
  176  19:05  Thor  
  176  19:06  SCV, Orbital Command  
  176  19:07  SCV x3  
  192  19:23  Hellion x2  
  192  19:24  Hellion x2, Orbital Command  
  200  19:34  Command Center  
  197  19:46  Refinery, Engineering Bay  
  197  19:56  Siege Tank  
  197  20:05  Siege Tank x2  
  197  20:06  Siege Tank x2  
  181  20:09  Hellion x4  
  181  20:12  SCV x9  
  191  20:14  Orbital Command  
  179  20:23  Liberator x2  
  179  20:24  SCV x2, Liberator x4  
  179  20:28  Siege Tank  
  181  20:35  Hellion x4  
  161  20:37  Siege Tank x2  
  161  20:38  Hellion  
  181  20:42  SCV  
  181  20:43  SCV x3  
  181  20:44  SCV x2  
  180  20:52  Orbital Command  
  180  20:56  Siege Tank  
  177  20:57  Hellion x5  
  177  20:59  Siege Tank  
  177  21:00  Siege Tank  
  191  21:09  Siege Tank  
  191  21:10  Hellion  
  192  21:18  Hellion  
  192  21:19  Hellion x2  
  192  21:20  SCV x2  
  198  21:35  Liberator x2  
  198  21:37  SCV x2  
  198  21:39  Refinery  
  196  21:47  SCV x4  
  196  21:54  Terran Ship Weapons Level 3  
  200  22:15  Liberator x3  
  200  22:19  Hellion x9  
  198  22:23  Siege Tank x2  
  172  22:30  Hellion  
  172  22:31  Hellion x4, Siege Tank x2  
  172  22:32  Siege Tank  
  172  22:36  SCV x3  
  172  22:37  SCV x3  
  194  22:55  SCV x5  
  194  22:56  SCV  
  200  23:00  Refinery  
  200  23:03  Engineering Bay  
  200  23:14  Refinery  
  196  23:20  Siege Tank  
  196  23:25  Hellion x8  
  149  23:38  Siege Tank  
  143  23:44  Planetary Fortress  
  143  23:46  Thor, Hellion x2, Siege Tank  
  143  23:48  Missile Turret  
  156  24:00  Hellion x5  
  162  24:17  Hellion  
  162  24:21  Hellion  
Tags
 
Add a new tag
Caveats
  • Supply blocks, unpowered buildings, or Contaminate may cause inaccurate times.
  • Supply counts are checked every 10 seconds.